 Dungeon Crawl Stone Soup version 0.30-a0-6-g7c9e10e132 (webtiles) character file.

Game seed: 3555026720062170257

397378 Sobieck the Cryomancer (level 23, -13/247 HPs)
             Began as an Ogre Ice Elementalist on Aug 21, 2022.
             Was the Champion of Vehumet.
             Killed from afar by a hell hog (44 damage)
             ... with a fireball
             ... on level 1 of the Depths on Aug 22, 2022.
             The game lasted 03:12:50 (72368 turns).

Sobieck the Cryomancer (Ogre Ice Elementalist)     Turns: 72368, Time: 03:12:51

Health: -13/247    AC: 10    Str: 18    XL:     23   Next: 23%
Magic:  37/46      EV:  9    Int: 30    God:    Vehumet [******]
Gold:   166        SH:  0    Dex:  9    Spells: 7/60 levels left

rFire   . . .      SeeInvis .    a - staff of cold {!astaff}
rCold   + . .      Faith    .    (no shield)
rNeg    + . .      Spirit   .    d - +2 robe {rN+}
rPois   .          Reflect  .    Z - +2 hat {Stlth+}
rElec   .          Harm     .    G - +2 cloak
rCorr   .          Rampage  .    (gloves unavailable)
Will    ++...                    (boots unavailable)
Stlth   ++........               z - amulet of regeneration {@e2}
HPRegen 1.31/turn                K - ring of wizardry
MPRegen 0.30/turn                B - +6 ring of intelligence

@: in a vortex, flying (expiring)
A: large, unfitting armour, tough skin 1
}: 2/15 runes: decaying, serpentine
a: Renounce Religion


You were on level 1 of the Depths.
You worshipped Vehumet.
Vehumet was exalted by your worship.
You visited 9 branches of the dungeon, and saw 37 of its levels.
You also visited: Ice Cave.

You collected 4240 gold pieces.
You spent 4074 gold pieces at shops.


Innate Abilities, Weirdness & Mutations

You are too large for most types of armour.
You have tough skin. (AC +1)


   Skills:
 - Level 18.0 Fighting
 - Level 1.7 Dodging
 - Level 1.4 Stealth
 - Level 19.0 Spellcasting
 - Level 5.0 Conjurations
 - Level 6.0 Necromancy
 - Level 16.0 Fire Magic
 - Level 21.0 Ice Magic
 + Level 15.1 Earth Magic


You had 7 spell levels left.
You knew the following spells:

 Your Spells              Type           Power      Damage    Failure   Level
a - Ignition              Fire           45%        3d13      1%          8
b - Shatter               Erth           43%        3d34*     28%         9
c - Ozocubu's Armour      Ice            100%       N/A       0%          3
d - Iron Shot             Conj/Erth      36%        9d7       1%          6
g - Ozocubu's Refrigerat  Ice            62%        4d21      1%          7
h - Sublimation of Blood  Necr           59%        N/A       1%          2
i - Freezing Cloud        Conj/Ice/Air   44%        6-21      1%          5
j - Iskenderun's Mystic   Conj/Tloc      43%        2d10      1%          4
k - Polar Vortex          Ice            62%        N/A       3%          9

Your spell library contained the following spells:

 Spells                   Type           Power      Damage    Failure   Level
 Fire Storm               Conj/Fire      37%        8d10      80%         9
 Chain Lightning          Conj/Air       21%        3d28      100%        9
 Foxfire                  Conj/Fire      100%       2x1d9     0%          1
 Freeze                   Ice            100%       1d11      0%          1
 Frozen Ramparts          Ice            100%       1d16      0%          3
 Apportation              Tloc           56%        N/A       1%          1
 Beastly Appendage        Tmut           56%        N/A       1%          1
 Necrotise                Necr           100%       1d9       1%          1
 Summon Small Mammal      Summ           100%       N/A       1%          1
 Blink                    Tloc           56%        N/A       1%          2
 Ensorcelled Hibernation  Hex/Ice        100%       N/A       1%          2
 Searing Ray              Conj           100%       2d8       1%          2
 Wereblood                Tmut           28%        N/A       1%          2
 Conjure Flame            Conj/Fire      75%        6-21      1%          3
 Inner Flame              Hex/Fire       66%        N/A       1%          3
 Lesser Beckoning         Tloc           28%        N/A       1%          3
 Portal Projectile        Hex/Tloc       56%        N/A       1%          3
 Spider Form              Tmut/Pois      28%        N/A       1%          3
 Stone Arrow              Conj/Erth      100%       3d13      1%          3
 Tukima's Dance           Hex            28%        N/A       1%          3
 Animate Armour           Summ/Erth      100%       N/A       1%          4
 Animate Dead             Necr           59%        N/A       1%          4
 Dispel Undead            Necr           59%        3d21      1%          4
 Flame Wave               Conj/Fire      75%        2d17      1%          4
 Fulminant Prism          Conj/Hex       21%        3d13      1%          4
 Hailstorm                Conj/Ice       100%       3d20      1%          4
 Leda's Liquefaction      Hex/Erth       32%        N/A       1%          4
 Olgreb's Toxic Radiance  Pois           28%        N/A       1%          4
 Summon Ice Beast         Ice/Summ       95%        N/A       1%          4
 Iskenderun's Battlesphe  Conj           55%        2d11      1%          5
 Lee's Rapid Deconstruct  Erth           43%        3d22*     1%          5
 Corpse Rot               Necr/Pois/Air  40%        N/A       2%          4
 Yara's Violent Unravell  Hex/Tmut       14%        3d7       4%          5
 Statue Form              Tmut/Erth      43%        N/A       4%          6
 Death Channel            Necr           29%        N/A       8%          6
 Blade Hands              Tmut           14%        N/A       16%         5
 Manifold Assault         Tloc           28%        N/A       16%         5
 Spellforged Servitor     Conj/Summ      21%        N/A       36%         7
 Haunt                    Necr/Summ      23%        N/A       77%         7
 Summon Hydra             Summ           14%        N/A       98%         7
 Lehudib's Crystal Spear  Conj/Erth      36%        10d9      16%         8
 Infestation              Necr           29%        N/A       95%         8
 Discord                  Hex            14%        N/A       100%        8

Inventory:

Missiles
 s - 26 boomerangs {throwing}
 P - 29 large rocks {=fthrowing}
 R - 5 silver boomerangs {throwing}
Armour
 d - a +2 robe of positive energy (worn)
   (You took it off Jorgrun on level 1 of the Orcish Mines)
 l - +3 storm dragon scales {Bai Suzhen}
   (You found it on level 3 of the Snake Pit)
 G - a +2 cloak (worn)
   (You found it on level 5 of the Dungeon)
 O - the +18 shield of the Gong {rElec rN+ Will+ EV-5}
   (You found it on level 4 of the Vaults)

   It is deafeningly noisy when blocking attacks.
   EV:        It affects your evasion (-5).
   rElec:     It insulates you from electricity.
   rN:        It protects you from negative energy.
   Will:      It increases your willpower.
 Z - a +2 hat of stealth (worn)
   (You bought it in a shop on level 3 of the Vaults)
Magical Staves
 a - a staff of cold (weapon) {!astaff}
   (You found it on level 5 of the Dungeon)
 b - a staff of earth {!astaff}
   (You found it on level 4 of the Lair of Beasts)
 V - a staff of death {!astaff}
   (You found it on level 15 of the Dungeon)
Jewellery
 i - the ring "Eciadud" {Ice rElec Str+4 Stlth+}
   (You bought it in a shop on level 3 of the Snake Pit)

   [ring of ice]

   It enhances your ice magic.
   Str:       It affects your strength (+4).
   rF:        It makes you vulnerable to fire.
   rC:        It protects you from cold.
   rElec:     It insulates you from electricity.
   Stlth:     It makes you more stealthy.
 z - an amulet of regeneration (around neck) {@e2}
   (You found it on level 9 of the Dungeon)
 B - a +6 ring of intelligence (right hand)
   (You found it on level 8 of the Dungeon)
 J - the ring of the Lily {Fire Dex+2}
   (You found it on level 5 of the Lair of Beasts)

   [ring of fire]

   It enhances your fire magic.
   Dex:       It affects your dexterity (+2).
   rF:        It protects you from fire.
   rC:        It makes you vulnerable to cold.
 K - a ring of wizardry (left hand)
   (You found it on level 2 of the Lair of Beasts)
 Q - a ring of fire
   (You found it on level 3 of the Vaults)
 U - a ring of protection from cold
   (You found it on level 5 of the Lair of Beasts)
 W - a ring of protection from fire
   (You took it off an orc on level 6 of the Dungeon)
Wands
 f - a wand of mindburst (5)
   (You found it on level 14 of the Dungeon)
 h - a wand of flame (37)
   (You found it on level 4 of the Dungeon)
 r - a wand of light (28)
   (You found it on level 9 of the Dungeon)
 x - a wand of iceblast (33)
   (You took it off Nessos on level 13 of the Dungeon)
 C - a wand of digging (10)
   (You found it on level 5 of the Dungeon)
 E - a wand of paralysis (29)
   (You found it on level 1 of the Lair of Beasts)
 Y - a wand of polymorph (13)
   (You found it on level 10 of the Dungeon)
Scrolls
 c - 2 scrolls of fear
 e - 4 scrolls of butterflies
 j - 9 scrolls of vulnerability {!r!r}
 n - 12 scrolls of teleportation {@r4}
 p - a scroll of summoning
 v - 13 scrolls of identify {@r1}
 A - 5 scrolls of noise {!r}
 D - a scroll of enchant armour
 F - 9 scrolls of immolation {!r!r}
 I - a scroll of torment {!r}
 L - 5 scrolls of poison {!r}
 M - 3 scrolls of magic mapping {!r}
 N - 3 scrolls of blinking {!r}
 S - a scroll of silence {!r}
Potions
 g - 8 potions of might
 k - 8 potions of lignification {!q}
 m - 5 potions of flight
 o - 5 potions of attraction {!q}
 q - 3 potions of brilliance
 t - 2 potions of ambrosia
 u - 3 potions of resistance
 w - 15 potions of curing {@q1}
 y - 10 potions of haste {@q3}
 H - 4 potions of mutation {!q}
 T - 4 potions of heal wounds {@q2}
 X - a potion of cancellation

Dungeon Overview and Level Annotations

Branches:
Dungeon (15/15) Zot: 23135  Temple (1/1) D:6 Zot: 5985    Lair (5/5) D:9 Zot: 17859
  Swamp (4/4) Lair:3 Zot: 17107   Snake (4/4) Lair:2 Zot: 14019   Slime (0/5) Lair:4
    Orc (2/2) D:10 Zot: 7283     Elf (1/3) Orc:2 Zot: 5227  Vaults (4/5) D:13 Zot: 13215
  Crypt (0/3) Vaults:2     Depths (1/4) D:15 Zot: 5157   IceCv (visited)

Altars:
Ashenzari
Cheibriados
Dithmenos
Elyvilon
Fedhas
Gozag
Hepliaklqana
Kikubaaqudgha
Makhleb
Nemelex Xobeh
Okawaru
Qazlal
Ru
Sif Muna
Trog
Uskayaw
Vehumet
Wu Jian
Xom
Yredelemnul
Zin
The Shining One
Jiyva

Shops:
D:7 *   D:12 [*::   Orc:1 ?   Orc:2 [?:(   Snake:3 =:=   Snake:4 (   Vaults:1 [
Vaults:2 [   Vaults:3 [

Portals:
Hell: Depths:1

Annotations:
Swamp:2 exclusion: downstairs
Snake:2 exclusion: downstairs
Depths:1 2 runed translucent doors, Nueklask's ghost, veteran DsIE

######### +##
######
...§§§§§# ...≈
......
...§§§§§# ...$.
......
...§§§hh#......
......
...§§§§@§hhYh..
......
...§§§Y§#hh....
......
...§§§§§# .h...
......
...§§§§§## ...≈
......
...§§§§§§######
#.####
..............#
..............#
.#
..............#
..###
..............#
##....


You could see 2 hellephants and 8 hell hogs.


Message History

Vehumet accepts your kill.
You feel your power returning.
V - a staff of death (weapon)
{!astaff}
Casting: Ozocubu's Refrigeration (safe; 1% risk of failure)
Confirm with . or Enter, or press ? or * to list all spells.
You feel a surge of power!
You draw magical energy from your own body!
a - a staff of cold (weapon)
{!astaff}
V - a staff of death (weapon)
{!astaff}
Casting: Sublimation of Blood (safe; 1% risk of failure)
Confirm with . or Enter, or press ? or * to list all spells.
You feel a surge of power!
You draw magical energy from your own body!
a - a staff of cold (weapon)
{!astaff}
V - a staff of death (weapon)
{!astaff}
Casting: Sublimation of Blood (safe; 1% risk of failure)
Confirm with . or Enter, or press ? or * to list all spells.
You feel a surge of power!
You draw magical energy from your own body!
a - a staff of cold (weapon)
{!astaff}
V - a staff of death (weapon)
{!astaff}
Casting: Sublimation of Blood (safe; 1% risk of failure)
Confirm with . or Enter, or press ? or * to list all spells.
You feel a surge of power!
You draw magical energy from your own body!
a - a staff of cold (weapon)
{!astaff} Unknown command.
V - a staff of death (weapon)
{!astaff}
Casting: Sublimation of Blood (safe; 1% risk of failure)
Confirm with . or Enter, or press ? or * to list all spells.
You feel a surge of power!
You draw magical energy from your own body!
a - a staff of cold (weapon)
{!astaff}
Found a stone staircase leading down.
Unknown command.
There is a stone staircase leading down here.
You open the door. 2 hellephants and 7 hell hogs come into view.
The hell hog squeals angrily. x3
The hell hog breathes fire at you.
The fireball explodes!
The fireball engulfs you!!
A hell hog comes into view.
The hellephant blinks!
A hell hog comes into view.
The hell hog breathes fire at you.
The fireball explodes!
The fireball engulfs you!!
The fireball engulfs the hell hog.
The hell hog completely resists.
The hell hog breathes fire at you.
The fireball explodes!
The fireball engulfs the hell hog.
The hell hog completely resists.
The fireball engulfs you!!
The fireball engulfs the hell hog.
The hell hog completely resists.
The hellephant trumpets!
The hell hog squeals angrily. x4
Found 11 gold pieces.
Found a gateway to Hell.
Danger!
You are too injured to fight recklessly!
Unknown command.
Casting: Sublimation of Blood (safe; 1% risk of failure)
Confirm with . or Enter, or press ? or * to list all spells.
You feel a surge of power!
A great freezing vortex appears and lifts you up.
The hell hog breathes fire at you.
The fireball explodes!
The fireball engulfs the hell hog.
The hell hog completely resists.
The fireball engulfs you!!
The fireball engulfs the hell hog.
The hell hog completely resists.
Unknown command.
Casting: Polar Vortex (dangerous; 3% risk of failure)
Confirm with . or Enter, or press ? or * to list all spells.
Casting: Ignition (mildly dangerous; 1% risk of failure)
Press: ? - help, Dir - look around, f - activate
Okay, then.
Unknown command.
Casting: Ignition (mildly dangerous; 1% risk of failure)
Confirm with . or Enter, or press ? or * to list all spells.
You draw magical energy from your own body!
You kill the hell hog!
Vehumet accepts your kill.
You feel your power returning. The hell hog breathes fire at you.
The fireball explodes!
The fireball engulfs the hell hog.
The hell hog completely resists.
The fireball engulfs you!!
* * * LOW HITPOINT WARNING * * *
The fireball engulfs the hell hog.
The hell hog completely resists.
The fireball engulfs the hell hog.
The hell hog completely resists.
The fireball engulfs the hell hog.
The hell hog completely resists.
The hellephant tramples you!!
* * * LOW HITPOINT WARNING * * *
You hold your ground!
The hellephant bites you!
* * * LOW HITPOINT WARNING * * *
The hellephant gores you but does no damage.
Casting: Sublimation of Blood (safe; 1% risk of failure)
Confirm with . or Enter, or press ? or * to list all spells.
You feel a surge of power!
The heat is drained from your surroundings.
The hellephant breathes flames at you. The blast of flame hits you!!!
* * * LOW HITPOINT WARNING * * *
The hell hog barely misses you. x2
The hell hog breathes fire at you.
The fireball explodes!
The fireball engulfs you!!!
You die...

Skill      XL: |  1  2  3  4  5  6  7  8  9 10 11 12 13 14 15 16 17 18 19 20 21 22 23 |
---------------+----------------------------------------------------------------------+-----
Spellcasting   | 3 4 5 7 8 11 13 14 15 17 18 19 | 19.0
Ice Magic      | 4 5 6 8 10 12 14 15 16 18 20 21 | 21.0
Conjurations   | 2 5 |  5.0
Fire Magic     | 5 7 10 13 16 | 16.0
Necromancy     | 2 6 |  6.0
Fighting       | 7 10 11 12 17 18 | 18.0
Earth Magic    | 1 5 8 13 14 15 | 15.1
Dodging        | |  1.7
Stealth        | |  1.4

Action                   |  1- 3 |  4- 6 |  7- 9 | 10-12 | 13-15 | 16-18 | 19-21 | 22-24 || total
-------------------------+-------+-------+-------+-------+-------+-------+-------+-------++-------
Melee: Whip              |    12 |    33 |   128 |       |       |       |       |       ||   173
       Punch             |       |       |     2 |       |       |     1 |       |       ||     3
       Short sword       |       |       |    78 |    17 |     1 |       |       |       ||    96
       Staff             |       |       |     8 |       |    20 |     7 |       |       ||    35
       War axe           |       |       |     3 |     3 |       |       |       |       ||     6
 Cast: Freeze            |    51 |    60 |    37 |    31 |     4 |       |       |       ||   183
       Frozen Ramparts   |       |    12 |    50 |    35 |     4 |       |     1 |       ||   102
       Ozocubu's Armour  |       |     6 |    34 |    37 |     5 |     1 |     2 |       ||    85
       Hailstorm         |       |       |    11 |    22 |     3 |       |     1 |       ||    37
       Foxfire           |       |       |       |    84 |    33 |       |       |       ||   117
       Ozocubu's Refrige |       |       |       |    63 |   380 |   466 |   392 |    43 ||  1344
       Searing Ray       |       |       |       |     2 |     2 |       |       |       ||     4
       Freezing Cloud    |       |       |       |     1 |     9 |       |       |       ||    10
       Sublimation of Bl |       |       |       |     1 |    15 |     4 |    96 |    39 ||   155
       Iskenderun's Myst |       |       |       |       |    10 |     8 |     2 |       ||    20
       Ignition          |       |       |       |       |    10 |    52 |   115 |     7 ||   184
       Lee's Rapid Decon |       |       |       |       |       |       |    24 |       ||    24
       Polar Vortex      |       |       |       |       |       |       |    14 |     7 ||    21
       Iron Shot         |       |       |       |       |       |       |     3 |     7 ||    10
Evoke: Wand              |       |       |       |       |       |     2 |       |       ||     2
  Use: Scroll            |       |       |    19 |     9 |    12 |     3 |     7 |       ||    50
       Potion            |       |       |     2 |     4 |     3 |     4 |     4 |     1 ||    18
Armor: Robe              |    24 |    29 |    82 |    61 |     4 |    46 |    34 |     3 ||   283
       Swamp dragon scal |       |       |    21 |    64 |    20 |       |       |       ||   105
       Acid dragon scale |       |       |       |       |    14 |       |       |       ||    14
Dodge: Dodged            |    25 |    39 |   120 |    98 |    64 |    67 |    42 |     5 ||   460

Levels and vault maps discovered:
D:1:      dpeg_arrival_rooms_with_view, layout_basic
D:2:      layout_rooms, dreamdust_mushroom_princess
D:3:      lemuel_castle_with_subvaults [lemuel_castle_interior_carwin_1],
          layout_loops_ring, grunt_temple_overflow_opulence,
          hellmonk_ecumenical_altar_zigzags, minmay_misc_feat_alley
D:4:      layout_loops_corners, zin_statuary, nicolae_uskayaw_dance_hall
D:5:      layout_loops_ring, lightli_church_of_beogh, uniq_crazy_yiuf_cottage
D:6:      layout_cave_pools, minmay_temple_entry_slanted, uniq_maggie
D:7:      layout_cave_pools, nicolae_elemental_shop, minmay_misc_feat_doors
D:8:      layout_gridville, palyth_stone_intersect
D:9:      layout_cave_pools, gammafunk_temple_overflow_wave,
          erik_lair_orcish_takeover, uniq_erolcha
D:10:     layout_irregular_city, lemuel_coloured_pillars_altar,
          david_orc_1_choice, minmay_shattered_shrine
D:11:     layout_grid_maze, portal_ice_cave_rime
D:12:     layout_loops_cross, serial_shops, nicolae_shop_window_shopping,
          nicolae_shop_window_shopping, kennysheep_mini_moat,
          nicolae_shop_window_shopping, kennysheep_slug_shrine
D:13:     layout_roguey, david_vaults_3
D:14:     layout_rooms
D:15:     gammafunk_enter_depths_forms, layout_basic,
          minmay_misc_feat_four_crosses
Temple:   nicolae_temple_no_exploring_needed
Lair:1:   statuecave_lemuel, layout_regular_city, minivault_26,
          kennysheep_snail_temple
Lair:2:   nzn_winding_woodlands_large [nzn_winding_woodlands_5x5_default,
          nzn_winding_woodlands_5x15_longhouse, nzn_winding_woodlands_hourglass,
          nzn_winding_woodlands_center_pierced_h,
          nzn_winding_woodlands_15x15_killbox,
          nzn_winding_woodlands_center_lodge, nzn_winding_woodlands_5x5_default,
          nzn_winding_woodlands_5x15_lazy_stream,
          nzn_winding_woodlands_5x5_three], layout_gridlike,
          minmay_snake_entry_guardpost_small, st_stairs_13,
          infiniplex_staircase_pool_2, uniq_urug, uniq_amaemon
Lair:3:   layout_loops_ring, palyth_hydra_swamp_entry,
          kennysheep_catoblepas_arena
Lair:4:   layout_gridlike, slime_entry_1, nicolae_quartered_pool_medium, pond
Lair:5:   evilmike_catoblepas_cave, layout_loops_ring,
          lightli_volcano_entry_magma_tube, grunt_megastairs_2,
          lemuel_fruit_tree
Swamp:1:  layout_basic_swamp, evilmike_swamp_ruin_house_4
Swamp:2:  layout_basic_swamp, nicolae_swamp_little_swirl, swamp_pool2,
          water_boxes_lemuel
Swamp:3:  layout_basic_swamp, evilmike_swamp_ruin_house_1
Swamp:4:  swamp_alternative, layout_basic_swamp
Snake:1:  layout_cave_shapes, serial_bayou_lagoon_b, serial_bayou_shore_b
Snake:2:  layout_grid_maze, hangedman_snake_pattern
Snake:3:  layout_onion_interference, basic_altar, nicolae_snake_snakewalk,
          minmay_shop_grove, uniq_bai_suzhen
Snake:4:  grunt_snake_rune_serpentine_throne, layout_rooms, serial_shops,
          nicolae_shop_overgrown_old_shop
Orc:1:    layout_diamond_mine, serial_shops, shop, uniq_jorgrun
Orc:2:    st_orc_pillars, layout_caves, basic_altar, mines2_lemuel
Elf:1:    eino_elf_arrival_customs, layout_gridlike, gammafunk_ghost_grave,
          basic_altar, minmay_elf_crystal_hexagon, st_stairs_6,
          grunt_ministairs_15, grunt_megastairs_4
Vaults:1: vaults_room_grunt_arrival_ludios, nicolae_vaults_network_s,
          nicolae_vaults_little_squares_5, hangedman_vaults_capsules,
          nicolae_vaults_meeting, vaults_room_pool,
          nicolae_vaults_little_squares_2, nicolae_vaults_angled_halls,
          dpeg_vaults_monster_box, vaults_dpeg_diagonal, layout_vaults_omnigrid,
          serial_shops, nicolae_shop_trees, uniq_zenata
Vaults:2: vaults_standard_mumra_x, vaults_room_pools,
          hangedman_vaults_restitches, hangedman_vaults_stagger, v_rooms_1,
          nicolae_vaults_what_the_h, grunt_vaults_hallway_short,
          minmay_crypt_entry_necro_gods, ontoclasm_vaults_shuriken,
          vaults_mumra_lcd, vaults_room_stairs_pillars,
          layout_vaults_chaotic_city, serial_shops,
          nicolae_shop_advertising_works [nicolae_subvault_shop_adworks]
Vaults:3: mu_enter_wizlab_5, v_misc_27, nicolae_vaults_inception_corners,
          hangedman_vaults_cutoff, nicolae_vaults_sealed_display,
          vaults_room_glass_cross, vaults_room_pool, v_alt_pattern_2,
          nicolae_vaults_alarming, nicolae_vaults_hallways_thing, v_misc_8,
          v_alt_pattern_1, layout_vaults_maze_bifur, serial_shops,
          nicolae_shop_trees, serial_glass
Vaults:4: nicolae_vaults_angled_halls, vaults_room_ringed_pool, v_misc_10,
          nicolae_vaults_rhombus_5, v_misc_27, hangedman_vaults_restitches,
          v_alt_pattern_3, hangedman_vaults_variations,
          nicolae_vaults_yaktaur_gun_rack, nicolae_vaults_shelves_hall,
          vaults_mumra_hex, layout_vaults_omnibox, uniq_frederick, uniq_mennas
Depths:1: layout_forbidden_donut, kennysheep_path_1, grunt_hell_horde,
          muffindrake_ghost_dual_entry, hangedman_decor_riveting,
          amcnicky_mini_pool_medium

Notes
Turn   | Place    | Note
-------+----------+-------------------------------------------
     0 | D:1      | Sobieck the Ogre Ice Elementalist began the quest for the
                  | Orb.
     0 | D:1      | Reached XP level 1. HP: 16/16 MP: 3/3
   440 | D:1      | Reached XP level 2. HP: 24/24 MP: 2/5
   608 | D:1      | Reached skill level 3 in Spellcasting
   692 | D:1      | Reached skill level 4 in Ice Magic
   973 | D:1      | Reached XP level 3. HP: 31/31 MP: 5/7
  1226 | D:1      | Learned a level 3 spell: Frozen Ramparts
  1713 | D:2      | Reached XP level 4. HP: 34/39 MP: 5/9
  1717 | D:2      | Reached skill level 4 in Spellcasting
  1808 | D:2      | Learned a level 3 spell: Ozocubu's Armour
  1906 | D:2      | Reached XP level 5. HP: 45/45 MP: 8/11
  2251 | D:3      | Found a faded altar of an unknown god.
  2936 | D:3      | Reached skill level 5 in Ice Magic
  3265 | D:3      | Reached skill level 5 in Spellcasting
  3274 | D:3      | Reached XP level 6. HP: 45/53 MP: 5/13
  4052 | D:3      | Reached XP level 7. HP: 58/59 MP: 11/15
  4090 | D:3      | Reached skill level 6 in Spellcasting
  4285 | D:3      | Reached skill level 6 in Ice Magic
  4701 | D:3      | Found a sparkling altar of Nemelex Xobeh.
  4702 | D:3      | Found an opulent altar of Gozag.
  5052 | D:4      | Identified a scroll of acquirement
  5053 | D:4      | Acquired the Unrestrained Analects
  5054 | D:4      | You add the spells Olgreb's Toxic Radiance, Ozocubu's
                  | Refrigeration and Ignition to your library.
  5155 | D:3      | HP: 14/59 [phantom (2)]
  5174 | D:3      | HP: 12/59 [phantom (5)]
  5673 | D:4      | Reached skill level 7 in Spellcasting
  5848 | D:4      | HP: 14/59 [phantom (5)]
  5858 | D:4      | Reached XP level 8. HP: 40/67 MP: 14/18
  6005 | D:4      | Found a glowing silver altar of Zin.
  6227 | D:4      | Reached skill level 7 in Ice Magic
  6295 | D:4      | Reached skill level 8 in Spellcasting
  6431 | D:4      | Found a hide-covered altar of Uskayaw.
  6841 | D:5      | Entered Level 5 of the Dungeon
  6908 | D:5      | Reached skill level 8 in Ice Magic
  6948 | D:5      | Learned a level 4 spell: Hailstorm
  6977 | D:5      | Identified the +5 short sword "Laecuh" {vorpal, rCorr}
  7239 | D:5      | Reached skill level 1 in Conjurations
  7455 | D:5      | Reached skill level 2 in Conjurations
  7570 | D:5      | Reached XP level 9. HP: 74/74 MP: 15/21
  7752 | D:5      | Found a runed translucent door.
  7799 | D:5      | Reached skill level 3 in Conjurations
  8186 | D:5      | Reached skill level 4 in Conjurations
  8804 | D:6      | Noticed Maggie
  8974 | D:6      | Reached skill level 9 in Ice Magic
  9176 | D:6      | Found a staircase to the Ecumenical Temple.
  9185 | Temple   | Entered the Ecumenical Temple
  9192 | Temple   | Became a worshipper of Vehumet
  9388 | D:6      | Reached skill level 5 in Conjurations
  9726 | D:6      | Killed Maggie
 10083 | D:6      | Reached skill level 10 in Ice Magic
 10344 | D:7      | Reached XP level 10. HP: 81/81 MP: 16/22
 10834 | D:7      | Reached * piety under Vehumet
 10834 | D:7      | Offered knowledge of Foxfire by Vehumet.
 10837 | D:7      | Learned a level 1 spell: Foxfire
 11050 | D:7      | Reached skill level 1 in Fire Magic
 11050 | D:7      | Reached skill level 11 in Ice Magic
 11195 | D:7      | Found Ontakli's Elemental Accessories.
 11602 | D:8      | Reached skill level 2 in Fire Magic
 12436 | D:8      | Reached skill level 3 in Fire Magic
 12755 | D:9      | c - a +0 quick blade {shortrare=g}
 12896 | D:9      | Noticed Erolcha
 12932 | D:9      | Killed Erolcha
 12933 | D:9      | Reached skill level 4 in Fire Magic
 13062 | D:9      | Found a staircase to the Lair.
 13065 | D:9      | Offered knowledge of Magic Dart by Vehumet.
 13065 | D:9      | Reached ** piety under Vehumet
 13068 | D:9      | Reached skill level 12 in Ice Magic
 13069 | D:9      | Reached skill level 5 in Fire Magic
 13069 | D:9      | Reached XP level 11. HP: 88/88 MP: 5/23
 13228 | D:9      | Offered knowledge of Searing Ray by Vehumet.
 13233 | D:9      | Learned a level 2 spell: Searing Ray
 13706 | D:9      | Found a glowing golden altar of the Shining One.
 13706 | D:9      | Found an iron altar of Okawaru.
 13862 | D:10     | Entered Level 10 of the Dungeon
 13911 | Lair:1   | Entered Level 1 of the Lair of Beasts
 14022 | D:9      | HP: 14/88 [cane toad (18)]
 14302 | Lair:1   | Reached *** piety under Vehumet
 14303 | Lair:1   | Reached skill level 13 in Ice Magic
 14312 | Lair:1   | Learned a level 7 spell: Ozocubu's Refrigeration
 14899 | Lair:1   | Found a snail-covered altar of Cheibriados.
 15348 | Lair:1   | Reached skill level 14 in Ice Magic
 15639 | Lair:2   | Offered knowledge of Airstrike by Vehumet.
 15770 | Lair:2   | You fall into a shaft and drop 1 floor!
 15809 | Lair:1   | Reached XP level 12. HP: 58/96 MP: 1/24
 15956 | Lair:2   | Found a staircase to the Snake Pit.
 16021 | Lair:2   | Noticed Urug
 16025 | Lair:2   | Killed Urug
 16365 | Lair:2   | Reached skill level 9 in Spellcasting
 16405 | Lair:2   | Noticed Amaemon
 16409 | Lair:2   | Killed Amaemon
 16522 | Lair:2   | You pick up a book of Spatial Translocations and begin
                  | reading...
 16522 | Lair:2   | You add the spells Blink, Lesser Beckoning and Manifold
                  | Assault to your library.
 16659 | Lair:2   | Reached skill level 15 in Ice Magic
 16881 | Lair:2   | You pick up a book of Blood and begin reading...
 16881 | Lair:2   | You add the spells Sublimation of Blood, Wereblood and
                  | Summon Hydra to your library.
 16885 | Lair:2   | Learned a level 2 spell: Sublimation of Blood
 17097 | D:7      | Bought the Almanac of the Chill for 728 gold pieces
 17097 | D:7      | You add the spells Freezing Cloud and Polar Vortex to your
                  | library.
 17103 | D:7      | Learned a level 5 spell: Freezing Cloud
 17453 | Lair:2   | Noticed a seven-headed hydra
 17467 | Lair:2   | Reached skill level 1 in Necromancy
 17471 | Lair:2   | Noticed a death yak
 17472 | Lair:2   | Reached skill level 10 in Spellcasting
 17476 | Lair:2   | Killed a death yak
 17477 | Lair:2   | Reached skill level 2 in Necromancy
 17479 | Lair:2   | Killed a seven-headed hydra
 17482 | Lair:2   | Reached **** piety under Vehumet
 17612 | Lair:2   | HP: 20/96 [polar bear (23)]
 17889 | Lair:2   | Noticed a catoblepas
 18038 | Lair:3   | Offered knowledge of Iskenderun's Mystic Blast by Vehumet.
 18168 | Lair:3   | Learned a level 4 spell: Iskenderun's Mystic Blast
 18201 | Lair:3   | Reached skill level 11 in Spellcasting
 18359 | Lair:3   | Noticed a six-headed hydra
 18370 | Lair:3   | Killed a six-headed hydra
 18371 | Lair:3   | Reached XP level 13. HP: 102/102 MP: 8/28
 18718 | Lair:3   | Reached skill level 16 in Ice Magic
 18855 | Lair:3   | Reached skill level 12 in Spellcasting
 19069 | Lair:3   | Could not pick up a +0 triple sword {longrare=g} here;
                  | ([A]lways) ignore it?
 19413 | Lair:3   | Reached skill level 13 in Spellcasting
 19413 | Lair:3   | Reached skill level 1 in Fighting
 19516 | Lair:3   | Found a staircase to the Swamp.
 19684 | Lair:3   | Reached skill level 2 in Fighting
 20230 | Lair:4   | Reached skill level 3 in Fighting
 20237 | Lair:4   | Reached skill level 4 in Fighting
 20335 | Lair:4   | Reached ***** piety under Vehumet
 20336 | Lair:4   | Reached skill level 6 in Fire Magic
 20559 | Lair:4   | Reached skill level 5 in Fighting
 20645 | Lair:4   | Offered knowledge of Yara's Violent Unravelling by Vehumet.
 20913 | Lair:4   | Reached skill level 6 in Fighting
 20915 | Lair:4   | Reached skill level 7 in Fire Magic
 20916 | Lair:4   | Reached skill level 7 in Fighting
 21046 | Lair:4   | You pick up a book of Spatial Translocations and begin
                  | reading...
 21558 | Lair:3   | Reached XP level 14. HP: 128/133 MP: 16/31
 21688 | Lair:4   | Found a viscous altar of Jiyva.
 21696 | Lair:4   | Found a staircase to the Slime Pits.
 21933 | Lair:5   | Entered Level 5 of the Lair of Beasts
 21935 | Lair:5   | Identified the ring of the Lily {Fire Dex+2}
 22229 | Lair:5   | Reached skill level 8 in Fire Magic
 22230 | Lair:5   | Reached skill level 8 in Fighting
 22670 | Lair:5   | Identified the amulet of the Hero {Faith Fragile rN+ Dex+4
                  | SInv}
 23352 | Lair:5   | Reached skill level 9 in Fire Magic
 23467 | Lair:5   | Reached skill level 9 in Fighting
 24278 | Lair:5   | Identified the +0 robe "Nidiof" {rN++ Will- SInv}
 24523 | Lair:2   | Reached skill level 14 in Spellcasting
 24949 | Lair:2   | Reached skill level 10 in Fire Magic
 25021 | Lair:2   | Reached skill level 10 in Fighting
 25594 | D:10     | HP: 35/143 [centaur warrior/arrow (26)]
 25600 | D:10     | HP: 34/143 [fire elemental[a deep elf pyromancer] (9)]
 25934 | D:10     | Identified the +5 falchion of Eternal Night {drain, Dex+2}
 26009 | D:10     | Found a blossoming altar of Fedhas.
 26044 | D:10     | Reached XP level 15. HP: 132/152 MP: 18/33
 26553 | D:10     | Found a staircase to the Orcish Mines.
 27362 | D:11     | Found a frozen archway.
 27465 | IceCv    | Entered an ice cave
 27561 | IceCv    | Learned a level 8 spell: Ignition
 28502 | Orc:1    | Entered Level 1 of the Orcish Mines
 28523 | Orc:1    | Reached skill level 11 in Fire Magic
 28908 | Orc:1    | Reached skill level 11 in Fighting
 29060 | Orc:2    | Entered Level 2 of the Orcish Mines
 29226 | Orc:2    | Found a burning altar of Makhleb.
 29395 | Orc:2    | Found a staircase to the Elven Halls.
 29620 | Orc:2    | Offered knowledge of Starburst by Vehumet.
 30449 | Orc:2    | Reached skill level 15 in Spellcasting
 31118 | Orc:2    | Reached skill level 12 in Fire Magic
 32219 | Orc:2    | Found Emol's Book Emporium.
 32222 | Orc:2    | Found Ockusku's Magic Scroll Shoppe.
 32223 | Orc:2    | Found Edda's Weapon Emporium.
 32224 | Orc:2    | Found Teckuf's Antique Armour Emporium.
 32240 | Orc:2    | Bought a scroll of blinking for 105 gold pieces
 32240 | Orc:2    | Bought a scroll of identify for 28 gold pieces
 32245 | Orc:2    | Bought an encrusted cloak for 266 gold pieces
 32245 | Orc:2    | Identified the +2 cloak "Lidithry" {Harm Drain rPois} (You
                  | bought it in a shop on level 2 of the Orcish Mines)
 32332 | Orc:1    | Noticed Jorgrun
 32335 | Orc:1    | Killed Jorgrun
 32569 | Orc:1    | Found Lozylabeg's Magic Scroll Emporium.
 33195 | D:11     | Reached skill level 13 in Fire Magic
 33751 | D:11     | Offered knowledge of Fireball by Vehumet.
 34302 | D:12     | Found Recup's Book Emporium.
 35032 | D:12     | You drop a +0 quick blade {shortrare=g}.
 35033 | D:12     | c - a +0 quick blade {shortrare=g}
 35104 | D:12     | You drop a +0 quick blade {shortrare=g}.
 35156 | D:12     | Found a snail-covered altar of Cheibriados.
 35315 | D:12     | Found Mefag's Antique Armour Emporium.
 35318 | D:12     | Bought an embroidered hat for 224 gold pieces
 35396 | D:12     | Found Qoczey's Book Shop.
 35573 | D:12     | Could not pick up a +0 quick blade {shortrare=g} here;
                  | ([A]lways) ignore it?
 35669 | D:12     | Found Becwaoshatwa's Assorted Antiques.
 35696 | D:12     | Bought a potion of haste for 280 gold pieces
 35696 | D:12     | Bought a potion of curing for 84 gold pieces
 35740 | D:13     | Reached XP level 16. HP: 162/162 MP: 30/35
 35945 | D:13     | Noticed Nessos
 35945 | D:13     | Found a gate to the Vaults.
 35947 | D:13     | Reached skill level 14 in Fire Magic
 35947 | D:13     | Killed Nessos
 37165 | D:14     | You pick up a book of Blasting and begin reading...
 37165 | D:14     | You add the spells Fulminant Prism and Lee's Rapid
                  | Deconstruction to your library.
 37391 | D:14     | Reached skill level 15 in Fire Magic
 37433 | D:14     | Identified the +8 great sword "Lorem Ipsum" {venom, rPois
                  | rCorr Str-4 Int+6}
 37894 | D:14     | Identified the +9 plate armour of the Slug {Int+4 Stlth+}
 38110 | D:15     | Entered Level 15 of the Dungeon
 38485 | D:15     | Offered knowledge of Eringya's Noxious Bog by Vehumet.
 39535 | D:15     | Noticed an acid blob
 39535 | D:15     | Noticed a caustic shrike
 39535 | D:15     | an acid blob changed into a caustic shrike
 40057 | Snake:1  | Entered Level 1 of the Snake Pit
 40498 | Snake:1  | You pick up a book of Spatial Translocations and begin
                  | reading...
 40716 | Snake:1  | Reached skill level 16 in Fire Magic
 41038 | Snake:1  | Reached skill level 12 in Fighting
 42137 | Snake:1  | Reached XP level 17. HP: 175/175 MP: 24/36
 42622 | Snake:1  | Reached skill level 16 in Spellcasting
 42772 | Snake:2  | Reached skill level 13 in Fighting
 42889 | Snake:2  | Offered knowledge of Irradiate by Vehumet.
 43995 | Snake:2  | Reached skill level 14 in Fighting
 44095 | Snake:2  | You add the spells Beastly Appendage, Yara's Violent
                  | Unravelling and Blade Hands to your library.
 44095 | Snake:2  | Got Bovyupnihoi's Quarto of Transmigration {@e2}
 44422 | Snake:2  | You pick up a book of Flames and begin reading...
 44422 | Snake:2  | You add the spells Conjure Flame, Inner Flame and Flame
                  | Wave to your library.
 44947 | Snake:3  | You pick up a book of Armaments and begin reading...
 44947 | Snake:3  | You add the spells Stone Arrow, Animate Armour and
                  | Lehudib's Crystal Spear to your library.
 45140 | Snake:3  | Reached skill level 17 in Spellcasting
 45367 | Snake:3  | Reached skill level 15 in Fighting
 45740 | Snake:3  | Noticed Bai Suzhen
 45799 | Snake:2  | Upgraded the game from 0.30-a0-4-ga7cffc901d to
                  | 0.30-a0-6-g7c9e10e132
 46180 | Snake:3  | Found a sparkling altar of Nemelex Xobeh.
 46564 | Snake:3  | Found Zuudefik's Book Boutique.
 46565 | Snake:3  | Found Lyol's Jewellery Emporium.
 46565 | Snake:3  | Found Zairew's Jewellery Emporium.
 46574 | Snake:3  | You pick up a book of Weapons and begin reading...
 46574 | Snake:3  | You add the spells Tukima's Dance and Portal Projectile to
                  | your library.
 46589 | Snake:3  | Bought the ring "Eciadud" {Ice rElec Str+4 Stlth+} for 803
                  | gold pieces
 46840 | Snake:4  | Entered Level 4 of the Snake Pit
 46963 | Snake:3  | Offered knowledge of Iskenderun's Battlesphere by Vehumet.
 46964 | Snake:3  | Reached skill level 16 in Fighting
 47359 | Swamp:1  | Entered Level 1 of the Swamp
 47922 | Swamp:1  | Identified the +1 chain mail "Xiot" {rF+ Will+ Int-2 Dex+8}
 48384 | Swamp:1  | You pick up a book of Decay and begin reading...
 48384 | Swamp:1  | You add the spells Corpse Rot, Dispel Undead and Death
                  | Channel to your library.
 48572 | Swamp:2  | Reached skill level 17 in Fighting
 49001 | Swamp:2  | Reached XP level 18. HP: 201/201 MP: 33/39
 49409 | Swamp:2  | You add the spells Ensorcelled Hibernation and Summon Ice
                  | Beast to your library.
 49409 | Swamp:2  | Got the Compendium of Ice
 49895 | Swamp:3  | Reached skill level 18 in Fighting
 50010 | Swamp:3  | Reached skill level 3 in Necromancy
 50220 | Swamp:3  | Reached skill level 4 in Necromancy
 50308 | Swamp:3  | HP: 42/204 [spore (34)]
 50309 | Swamp:3  | Reached skill level 5 in Necromancy
 50309 | Swamp:3  | HP: 13/204 [spriggan rider/+0 spear[a spriggan druid] (9)]
 50310 | Swamp:3  | HP: 5/204 [spriggan rider/+0 spear[a spriggan druid] (6)]
 50627 | Swamp:3  | Reached skill level 6 in Necromancy
 50822 | Swamp:3  | Offered knowledge of Maxwell's Capacitive Coupling by
                  | Vehumet.
 51209 | Swamp:3  | You pick up a book of Death and begin reading...
 51209 | Swamp:3  | You add the spells Animate Dead, Haunt and Infestation to
                  | your library.
 51532 | Swamp:4  | Entered Level 4 of the Swamp
 52318 | Swamp:4  | Reached skill level 18 in Spellcasting
 53005 | Swamp:4  | Learned a level 9 spell: Polar Vortex
 53477 | Swamp:4  | Got a decaying rune of Zot
 54083 | Elf:1    | Entered Level 1 of the Elven Halls
 54773 | Elf:1    | HP: 39/182 [+1 mace of draining (3)]
 54865 | Orc:2    | Learned a level 5 spell: Lee's Rapid Deconstruction
 55007 | Vaults:1 | Entered Level 1 of the Vaults
 55126 | Vaults:1 | Reached skill level 1 in Earth Magic
 55385 | Vaults:1 | Reached XP level 19. HP: 202/202 MP: 29/41
 55655 | Vaults:1 | Reached skill level 2 in Earth Magic
 56100 | Vaults:1 | Reached skill level 19 in Spellcasting
 56193 | Vaults:1 | Reached skill level 3 in Earth Magic
 56382 | Vaults:1 | Reached skill level 4 in Earth Magic
 56541 | Vaults:1 | Noticed Zenata
 56545 | Vaults:1 | Killed Zenata
 56733 | Vaults:1 | Could not pick up a +2 triple sword {longrare=g} here;
                  | ([A]lways) ignore it?
 56735 | Vaults:1 | Found Wiuzikhly's Antique Armour Shoppe.
 56743 | Vaults:1 | Bought a glowing scarf for 272 gold pieces
 56743 | Vaults:1 | Bought a runed kite shield for 255 gold pieces
 56793 | Vaults:1 | Reached skill level 5 in Earth Magic
 56890 | Vaults:1 | Reached skill level 17 in Ice Magic
 57879 | Vaults:1 | HP: 38/211 [yaktaur captain/bolt (24)]
 58132 | Vaults:1 | HP: 41/211 [vault guard/+0 bardiche (28)]
 58790 | Vaults:1 | Reached ****** piety under Vehumet
 58791 | Vaults:1 | Reached skill level 18 in Ice Magic
 59601 | Vaults:2 | Found Viff's Antique Armour Boutique.
 60114 | Vaults:2 | Reached XP level 20. HP: 218/221 MP: 30/43
 60368 | Vaults:2 | Reached skill level 19 in Ice Magic
 60584 | Vaults:2 | Found a staircase to the Crypt.
 60584 | Vaults:2 | Found a basalt altar of Yredelemnul.
 60585 | Vaults:2 | Found an ancient bone altar of Kikubaaqudgha.
 60895 | Vaults:2 | You pick up a book of Changes and begin reading...
 61873 | Vaults:3 | Found Cextu's Armour Shop.
 62158 | Vaults:3 | Bought a +2 hat of stealth for 441 gold pieces
 62502 | Vaults:3 | Offered knowledge of Fire Storm by Vehumet.
 62502 | Vaults:3 | Offered knowledge of Shatter by Vehumet.
 62502 | Vaults:3 | Offered knowledge of Chain Lightning by Vehumet.
 63459 | Vaults:3 | Reached skill level 20 in Ice Magic
 63777 | Vaults:3 | Identified the +0 leather armour of Arecur {-Cast Harm Fly
                  | SInv}
 63989 | Vaults:3 | Reached skill level 6 in Earth Magic
 64232 | Vaults:3 | You fall into a shaft and drop 1 floor!
 64825 | Vaults:4 | Reached skill level 7 in Earth Magic
 64917 | Vaults:4 | Noticed Mennas
 64994 | Vaults:4 | Killed Mennas
 65910 | Vaults:4 | Reached skill level 8 in Earth Magic
 65917 | Vaults:4 | Reached XP level 21. HP: 188/230 MP: 28/44
 66038 | Vaults:4 | Found the +18 shield of the Gong {rElec rN+ Will+ EV-5}
 66215 | Vaults:4 | Noticed Frederick
 66217 | Vaults:4 | Killed Frederick
 66285 | Vaults:4 | a +5 eveningstar {macerare=g}; a +0 chain mail; a very ugly
                  | thing corpse
 66285 | Vaults:4 | a +5 eveningstar {macerare=g}; a +0 chain mail; a very ugly
                  | thing corpse
 66285 | Vaults:4 | Could not pick up a +5 eveningstar {macerare=g} here;
                  | ([A]lways) ignore it?
 66478 | Vaults:4 | Reached skill level 9 in Earth Magic
 66485 | Vaults:4 | Reached skill level 21 in Ice Magic
 66619 | Vaults:4 | Identified the +7 arbalest "Luimuic" {freeze, rN+ Dex+3
                  | Stlth-}
 67422 | Snake:3  | Killed Bai Suzhen
 68073 | Snake:3  | Got the Collected Works on Spellbinding
 68199 | Snake:3  | Reached skill level 10 in Earth Magic
 69080 | Snake:4  | Reached skill level 11 in Earth Magic
 69182 | Snake:4  | You pick up a book of Cantrips and begin reading...
 69182 | Snake:4  | You add the spells Necrotise, Summon Small Mammal and
                  | Apportation to your library.
 69184 | Snake:4  | Found Teudwuxkat's Antique Weapon Shoppe.
 69556 | Lair:3   | Learned a level 9 spell: Shatter
 69822 | Orc:2    | Bought a book of Power for 588 gold pieces
 69822 | Orc:2    | You pick up a book of Power and begin reading...
 69822 | Orc:2    | You add the spells Iskenderun's Battlesphere, Iron Shot and
                  | Spellforged Servitor to your library.
 69829 | Orc:2    | Learned a level 6 spell: Iron Shot
 70351 | Snake:4  | Noticed Vashnia
 70483 | Snake:4  | Killed Vashnia
 70512 | Snake:4  | Reached skill level 12 in Earth Magic
 70661 | Snake:4  | You pick up a book of the Earth and begin reading...
 70661 | Snake:4  | You add the spells Leda's Liquefaction and Statue Form to
                  | your library.
 70786 | Snake:4  | Got a serpentine rune of Zot
 71345 | D:15     | Found a staircase to the Depths.
 71354 | Depths:1 | Entered Level 1 of the Depths
 71360 | Depths:1 | Reached skill level 13 in Earth Magic
 71518 | Depths:1 | Reached XP level 22. HP: 239/239 MP: 31/45
 71800 | Depths:1 | Noticed Nueklask's ghost (veteran DsIE)
 71801 | Depths:1 | Noticed an ancient lich
 71883 | Depths:1 | Found a runed translucent door.
 71893 | Depths:1 | Identified a potion of experience
 71919 | Depths:1 | Reached skill level 14 in Earth Magic
 71919 | Depths:1 | Reached XP level 23. HP: 247/247 MP: 46/46
 71933 | Depths:1 | Found a runed translucent door.
 72303 | Depths:1 | Reached skill level 15 in Earth Magic
 72365 | Depths:1 | Found a gateway to Hell.
 72368 | Depths:1 | HP: 31/247 [hellephant/blast of flame (48)]
 72368 | Depths:1 | Killed from afar by a hell hog

Vanquished Creatures
  Mennas (Vaults:4)
  Bai Suzhen (Snake:3)
  Vashnia (Snake:4)
  Frederick (Vaults:4)
  Jorgrun (Orc:1)
  Zenata (Vaults:1)
  3 nagarajas
  A fenstrider witch (Swamp:2)
  2 fire giants
  3 frost giants (Depths:1)
  An orc warlord (Vaults:3)
  16 vault wardens
  15 ironbound preservers
  17 very ugly things
  Nessos (D:13)
  6 ironbound thunderhulks
  2 stone giants
  A vampire knight (Depths:1)
  A war gargoyle (Vaults:4)
  A dire elephant (Vaults:1)
  5 bunyips
  5 ettins
  3 fire dragons
  A deep elf death mage (Vaults:2)
  2 merfolk impalers (Depths:1)
  2 crystal guardians (Vaults:4)
  14 yaktaur captains
  3 great orbs of eyes
  3 ghost crabs
  3 ice dragons (Depths:1)
  6 boulder beetles
  3 rakshasas (Depths:1)
  5 catoblepae
  20 centaur warriors
  2 peacekeepers (Vaults:4)
  Erolcha (D:9)
  9 vault guards
  3 salamander tyrants
  A spriggan air mage (Depths:1)
  8 anacondas
  10 ironbound frosthearts
  An ogre mage (Orc:2)
  22 hydras
  A dancing weapon (Elf:1)
  13 death yaks
  6 two-headed ogres
  24 naga warriors
  4 deep troll earth magi (Depths:1)
  Urug (Lair:2)
  10 alligators
  2 tengu warriors (Depths:1)
  A hell hog (Depths:1)
  A deep elf knight (Elf:1)
  A deep troll shaman (Depths:1)
  6 orc high priests (Orc:2)
  18 naga sharpshooters
  A hell knight (Depths:1)
  6 shock serpents
  An iron troll (Depths:1)
  Amaemon (Lair:2)
  8 goliath frogs
  6 salamander mystics
  14 swamp dragons
  2 glowing orange brains (Vaults:4)
  7 spriggan druids
  5 naga ritualists
  A death drake (Swamp:4)
  A swamp dragon (shapeshifter) (D:13)
  4 sea snakes (Snake:1)
  7 bog bodies
  A glowing orange brain (shapeshifter) (D:15)
  10 wizards
  2 necromancers
  A flayed ghost (Depths:1)
  37 deep trolls
  18 ironbound convokers
  A harpy (shapeshifter) (D:14)
  16 orc knights
  A fire giant zombie (Depths:1)
  5 lindwurms
  7 deep elf pyromancers
  13 deep elf zephyrmancers (Elf:1)
  13 mana vipers
  5 deep elf archers
  3 will-o-the-wisps
  24 salamanders
  2 orc sorcerers (Orc:2)
  2 tengu skeletons (Depths:1)
  4 cyclopes
  47 ugly things
  8 manticores
  5 elephants
  18 vault sentinels
  14 guardian serpents
  30 black mambas
  21 naga magi
  An orange demon (Lair:2)
  An ice statue (IceCv)
  7 torpor snails
  24 cane toads
  A gargoyle (D:10)
  Maggie (D:6)
  36 yaktaurs
  5 rime drakes
  An efreet (D:15)
  7 komodo dragons
  A kobold demonologist (D:13)
  2 tengu conjurers
  A freezing wraith (Vaults:3)
  A komodo dragon (shapeshifter) (D:15)
  8 hornets
  A bloated husk (Swamp:3)
  3 polar bears
  3 trolls
  6 tyrant leeches
  38 slime creatures
  10 blink frogs
  9 dream sheep (Lair:4)
  A spriggan skeleton (Depths:1)
  A jumping spider (shapeshifter) (D:13)
  12 spriggans
  2 vampires
  A shadow (D:10)
  A water elemental (Depths:1)
  57 yaks
  A fire elemental (Elf:1)
  16 humans (D:13)
  A human (shapeshifter) (D:14)
  4 wyverns
  3 basilisks
  3 steam dragons
  15 vampire mosquitoes
  A harpy simulacrum (IceCv)
  11 wargs
  16 swamp worms
  55 nagas
  4 acid dragons
  42 orc warriors
  10 swamp drakes
  17 water moccasins
  4 ice beasts
  6 black bears
  8 wolves
  9 ogres
  A boggart (Vaults:1)
  7 centaurs
  3 phantoms
  6 kobold brigands
  A necrophage (D:6)
  A gnoll sergeant (D:10)
  12 bullfrogs
  A cane toad simulacrum (IceCv)
  3 scorpions
  3 wights (D:7)
  An elephant simulacrum (IceCv)
  7 killer bees (D:9)
  5 howler monkeys
  2 jellies
  7 electric eels
  2 hounds (D:6)
  35 orc priests
  3 iguanas
  2 gnoll boudas
  25 orc wizards
  9 hell rats (Lair:3)
  3 polar bear simulacra (IceCv)
  A wolf simulacrum (IceCv)
  8 adders
  33 gnolls
  A shadow imp (D:7)
  A white imp (D:5)
  3 ufetubi (D:6)
  3 worms
  3 dart slugs
  131 orcs
  6 bats
  8 endoplasms
  4 giant cockroaches
  10 goblins
  4 hobgoblins
  17 jackals
  4 quokkas
  3 ball pythons
  4 frilled lizards
  26 kobolds
  6 rats
  A bush (Lair:5)
1552 creatures vanquished.

Vanquished Creatures (others)
  A fenstrider witch (Swamp:3)
  A hydra (Swamp:3)
  A swamp dragon (Swamp:3)
  A hornet (Swamp:3)
  An orc wizard (D:2)
  208 foxfires
  77 fungi
  150 plants
440 creatures vanquished.

Grand Total: 1992 creatures vanquished

Table legend:
 A = Non-vault XP
 B = Vault XP
 C = Vault XP percentage of total XP
 D = Non-vault monster count
 E = Vault monster count
 F = Vault count percentage of total count
                 A         B        C        D         E       F
            +---------+---------+-------+---------+---------+-------
      Total |  385114 |  236675 |  38.1 |    1033 |     522 |  33.6
            +---------+---------+-------+---------+---------+-------
        D:1 |      44 |       3 |   6.4 |      25 |       2 |   7.4
        D:2 |     130 |       0 |   0.0 |      18 |       0 |   0.0
        D:3 |     212 |     635 |  75.0 |      23 |      53 |  69.7
        D:4 |     838 |       0 |   0.0 |      24 |       0 |   0.0
        D:5 |     883 |     720 |  44.9 |      24 |      25 |  51.0
        D:6 |     564 |     395 |  41.2 |      18 |       1 |   5.3
        D:7 |    1448 |       0 |   0.0 |      26 |       0 |   0.0
        D:8 |    1314 |       0 |   0.0 |      20 |       0 |   0.0
        D:9 |    2582 |    1543 |  37.4 |      40 |      10 |  20.0
       D:10 |    3296 |    5184 |  61.1 |      31 |      18 |  36.7
       D:11 |    5455 |     758 |  12.2 |      16 |       2 |  11.1
       D:12 |    7033 |       4 |   0.1 |      20 |       1 |   4.8
       D:13 |    3113 |    6227 |  66.7 |       9 |      20 |  69.0
       D:14 |   12125 |       0 |   0.0 |      24 |       0 |   0.0
       D:15 |   12301 |    5687 |  31.6 |      29 |      12 |  29.3
     Lair:1 |    2914 |    2584 |  47.0 |      11 |       6 |  35.3
     Lair:2 |    3734 |   14772 |  79.8 |      15 |      36 |  70.6
     Lair:3 |   10742 |    4463 |  29.4 |      38 |       8 |  17.4
     Lair:4 |    8798 |    2909 |  24.8 |      25 |      10 |  28.6
     Lair:5 |    7368 |   12045 |  62.0 |      30 |      25 |  45.5
    Swamp:1 |    9882 |       0 |   0.0 |      18 |       0 |   0.0
    Swamp:2 |   12555 |       0 |   0.0 |      31 |       0 |   0.0
    Swamp:3 |   21010 |    1566 |   6.9 |      39 |       2 |   4.9
    Swamp:4 |    7622 |   15831 |  67.5 |      12 |      25 |  67.6
    Snake:1 |   20997 |       0 |   0.0 |      47 |       0 |   0.0
    Snake:2 |   23489 |       0 |   0.0 |      43 |       0 |   0.0
    Snake:3 |   20196 |   11255 |  35.8 |      41 |      15 |  26.8
    Snake:4 |   22148 |   24746 |  52.8 |      47 |      35 |  42.7
      Orc:1 |    2168 |    1941 |  47.2 |      32 |       1 |   3.0
      Orc:2 |    8239 |   11806 |  58.9 |      40 |      65 |  61.9
      Elf:1 |    8136 |    6758 |  45.4 |      13 |      11 |  45.8
   Vaults:1 |   33944 |   32072 |  48.6 |      53 |      39 |  42.4
   Vaults:2 |   24263 |   20324 |  45.6 |      39 |      31 |  44.3
   Vaults:3 |   20605 |   15174 |  42.4 |      34 |      19 |  35.8
   Vaults:4 |   31728 |   30576 |  49.1 |      37 |      35 |  48.6
   Depths:1 |   33238 |    5305 |  13.8 |      41 |       6 |  12.8
      IceCv |       0 |    1392 | 100.0 |       0 |       9 | 100.0
            +---------+---------+-------+---------+---------+-------

Illustrated notes

Table legend:
 A = Kills in this place as a percentage of kills in entire the game.
 B = Kills by you in this place as a percentage of kills by you in the entire game.
 C = Kills by friends in this place as a percentage of kills by friends in the entire game.
 D = Other kills in this place as a percentage of other kills in the entire game.
 E = Experience gained in this place as a percentage of experience gained in the entire game.
 F = Experience gained in this place divided by the number of levels of this place that you have seen.
                   A       B       C       D       E      F
               +-------+-------+-------+-------+-------+----------------------
         Total | 100.0 | 100.0 |   N/A | 100.0 | 100.0 | 16362.9
       Dungeon |  31.6 |  31.6 |   N/A |  25.0 |  11.7 | 4832.9
          Lair |  13.1 |  13.2 |   N/A |   0.0 |  11.3 | 14065.8
         Swamp |   8.2 |   8.0 |   N/A |  75.0 |  11.0 | 17116.5
     Snake Pit |  14.7 |  14.7 |   N/A |   0.0 |  19.8 | 30707.8
  Orcish Mines |   8.9 |   8.9 |   N/A |   0.0 |   3.9 | 12077.0
   Elven Halls |   1.5 |   1.5 |   N/A |   0.0 |   2.4 | 14894.0
        Vaults |  18.5 |  18.5 |   N/A |   0.0 |  33.6 | 52171.5
        Depths |   3.0 |   3.0 |   N/A |   0.0 |   6.2 | 38543.0
      Ice Cave |   0.6 |   0.6 |   N/A |   0.0 |   0.2 | 1392.0
               +-------+-------+-------+-------+-------+----------------------

Table legend: (Time is in decaauts)
 A = Elapsed time spent in this place.
 B = Non-inter-level travel time spent in this place.
 C = Inter-level travel time spent in this place.
 D = Time resting spent in this place.
 E = Time spent auto-exploring this place.
 F = Levels seen in this place.
 G = Mean time per level.
                   A        B        C        D        E       F      G
               +--------+--------+--------+--------+--------+-----+--------+
         Total |  72893 |  67977 |   4916 |  23825 |  32334 |  38 | 1918.2 |
       Dungeon |  26297 |  24577 |   1720 |   8166 |  12375 |  15 | 1753.1 |
        Temple |     14 |      8 |      6 |      0 |      0 |   1 |   14.0 |
          Lair |  12140 |  11258 |    882 |   4259 |   5421 |   5 | 2428.0 |
         Swamp |   6892 |   6612 |    280 |   3135 |   2544 |   4 | 1723.0 |
     Snake Pit |   9981 |   9212 |    769 |   2674 |   5081 |   4 | 2495.2 |
  Orcish Mines |   4716 |   4086 |    630 |   1401 |   2044 |   2 | 2358.0 |
   Elven Halls |    772 |    772 |      0 |    380 |    106 |   1 |  772.0 |
        Vaults |  10784 |  10157 |    627 |   3370 |   4329 |   4 | 2696.0 |
        Depths |    841 |    841 |      0 |    117 |    432 |   1 |  841.0 |
      Ice Cave |    452 |    452 |      0 |    323 |      0 |   1 |  452.0 |
               +--------+--------+--------+--------+--------+-----+--------+

Top non-repeatable levels by time:
Vaults:1: 3647 daAuts
 Snake:3: 3538 daAuts
   Orc:2: 3501 daAuts
  Lair:2: 3340 daAuts
 Swamp:3: 3180 daAuts
Vaults:2: 3108 daAuts
     D:3: 3046 daAuts
  Lair:3: 2581 daAuts
 Snake:2: 2575 daAuts
 Snake:1: 2429 daAuts
     D:5: 2412 daAuts
    D:10: 2407 daAuts
    D:11: 2398 daAuts
    D:13: 2304 daAuts
  Lair:5: 2242 daAuts
